Unix NetHack Version 3.7.0-71 Work-in-progress - last build Jan 31 2023 02:41:03 (7ba98a1283f2b7cec35fde026edb48fc825ab8ae,branch:master). Game began 2023-02-09 20:06:47, ended 2023-02-09 21:17:48. galadriel, neutral female human Priestess --- --- --.--- -.--- --- |...|.-- |....--- ------..| ---|......--- -.....--- -- ---.......| |..----.....--- -.....>..--..|.---- |"..-----.| |....||.......--................|.-- ---- |.%.| |.| |....||............................--- --..-- ----- --...--- |.| |...-- ---...........................-----....-- |...----.....|..|.| |.|.| -...........................[...)....| |.ooY......--^..|.| |.|.| ---........-......--.......-----....| --@---....|----|.| |.|.----------.|..--.........||-......| |...-- --.| |-..-- |.--- |.|..|.........|..|-.........--.......| |..-------.d| |...| |...| |........---------|...................| --....-|)..-- |..-- ---.| |.|.......---------...................| ----..|.--- |..| |.-- |.|-..........................|.......| --.|.| --.--- |..| |.| ----.----------.....---..-- -..*.- |.|.| --...| |..| |.| --- --..- ---- --..-- --.).| |....-- |..| ----.-- |..| ---- |....| |-....| |..| |.....| |..| |.(.-- |<...-- ---- |..|..| --- --.-- --.--- ------- --- --- Galadriel the Adept St:15 Dx:11 Co:18 In:14 Wi:18 Ch:7 Neutral S:5898 Dlvl:6 $:8 HP:0(62) Pw:77(82) AC:-2 Xp:8/1355 T:6718 Latest messages: You hear the roaring of a confused bear! You can see again. The owlbear hits! The owlbear hits! The owlbear grabs you! The hill orc swings his curved sword. The hill orc hits! You cannot escape from the owlbear! The owlbear hits! The owlbear misses! You are being crushed. The hill orc swings his curved sword. The hill orc misses! What do you want to use or apply? [eghjkmnrswDLTYZ or ?*] ? Never mind. What do you want to write with? [- acejl-rtvwDHJN-Q or ?*] ? You can't reach the floor. You hit the owlbear! The owlbear hits! The owlbear hits! You are being crushed. The hill orc swings his curved sword. The hill orc misses! Are you sure you want to pray? [yn] (n) y You begin praying to Raijin. You are surrounded by a shimmering light. The owlbear loosens its grip slightly. The hill orc starts to attack you, but pulls back. The hill orc starts to attack you, but pulls back. The owlbear loosens its grip slightly. The hill orc starts to attack you, but pulls back. The hill orc starts to attack you, but pulls back. The owlbear loosens its grip slightly. The hill orc starts to attack you, but pulls back. You finish your prayer. You feel that Raijin is well-pleased. You cannot escape from the owlbear! The owlbear misses! The owlbear hits! You are being crushed. The hill orc swings his curved sword. The hill orc misses! The hill orc hits! Are you sure you want to pray? [yn] (n) y You begin praying to Raijin. The owlbear hits! You die... Do you want your possessions identified? [ynq] (y) y Do you want to see your attributes? [ynq] (y) y Do you want an account of creatures vanquished? [ynaq] (y) q Inventory: Coins $ - 8 gold pieces Weapons c - 16 +0 darts (at the ready) t - 5 -1 darts a - a blessed +3 mace (weapon in hand) Armor A - a +0 dwarvish iron helm (being worn) B - a +0 pair of high boots (being worn) R - a +3 small shield (being worn) b - a +0 robe (being worn) S - a -1 studded leather armor (being worn) Comestibles V - 3 food rations U - an egg Scrolls u - a scroll of amnesia F - a scroll of create monster K - a scroll of create monster x - a scroll of earth M - a scroll of fire C - a scroll of genocide E - a scroll of identify z - a scroll of stinking cloud y - a scroll of teleportation Spellbooks h - a spellbook of healing g - a spellbook of light Potions i - 2 potions of fruit juice G - 2 potions of gain energy f - a blessed potion of object detection I - a potion of sickness d - a potion of holy water W - a potion of unholy water Rings l - a ring of aggravate monster Q - a ring of cold resistance O - a ring of hunger v - a ring of invisibility Wands e - a wand of light (0:14) m - a wand of light (0:11) w - a wand of make invisible (0:1) n - a wand of nothing (0:14) j - a wand of polymorph (0:0) D - a wand of striking (0:3) Tools T - a blindfold Y - a leash k - a lock pick L - a magic lamp (lit) r - a magic marker (0:70) s - a magic whistle Z - 2 tallow candles Gems/Stones o - 2 topaz stones p - a worthless piece of black glass P - 3 worthless pieces of green glass J - a worthless piece of orange glass N - a worthless piece of orange glass q - 2 worthless pieces of white glass H - 2 worthless pieces of yellow glass Galadriel the Priestess's attributes: Background: You were an Adept, a level 8 human Priestess. You were neutral, on a mission for Raijin who was opposed by Amaterasu Omikami (lawful) and Susanowo (chaotic). You were in the Gnomish Mines, on level 6. You entered the dungeon 6718 turns ago. You had 1355 experience points, 1205 more were needed to attain level 9. Your score was 5898 before end-of-game adjustments. Basics: You had 0 out of 62 hit points. You had 77 out of 82 energy points (spell power). Your armor class was -2. Your wallet contained 8 zorkmids. Autopickup was off. Final Characteristics: Your strength was 15 (limit:18/100). Your dexterity was 11 (limit:18). Your constitution was 18 (limit:18). Your intelligence was 14 (limit:18). Your wisdom was 18 (limit:18). Your charisma was 7 (limit:18). Final Status: You were held by an owlbear (northeast). You were not hungry. You were unencumbered. You were wielding a mace. You were skilled in mace and could have enhanced that. Final Attributes: You were piously aligned. You were telepathic. You were guarded. You are dead. Miscellaneous: You encountered 1 bones level. Total elapsed playing time was 1 hour and 11 minutes. Major events: Turn 1: galadriel the neutral human Priestess entered the dungeon 1519: attained the rank of Acolyte (level 3) 2753: entered the Gnomish Mines 3739: reached Mine Town 4179: attained the rank of Adept (level 6) 5671: destroyed letushope's ghost, the former Skirmisher 6718: killed by an owlbear, while praying Vanquished creatures: a ghost 3 small mimics 2 watchmen a cockatrice a leprechaun 4 giant spiders a gnome ruler a housecat 2 dust vortices a gnome mummy a snake a human zombie 4 bugbears an imp a mountain nymph a rock piercer 2 yellow lights a shrieker a violet fungus 7 gnome leaders 3 gnomish wizards a kobold mummy a paper golem 5 giant ants a floating eye 9 dwarves 3 homunculi a hill orc 4 rothes a centipede an orc zombie 2 dwarf zombies a wererat 3 iguanas an acid blob a coyote 2 gas spores 4 hobbits 3 manes a large kobold 2 hobgoblins 3 giant rats 5 cave spiders a yellow mold 45 gnomes 3 garter snakes a gnome zombie 3 geckos 3 jackals 3 goblins 6 sewer rats 3 grid bugs a bat 3 lichens 3 newts 170 creatures vanquished. No species were genocided or became extinct. Voluntary challenges: You read items or engraved 14 times. You engraved Elbereth 1 time. You never genocided any monsters. You never polymorphed an object. You never changed form. You used no wishes. Achievements: You attained the rank of Acolyte. You entered a shop. You entered the Gnomish Mines. You entered Minetown. You entered a temple. You attained the rank of Adept. The Dungeons of Doom: levels 1 to 6 Level 1: An altar. Level 2: Some fountains, a sink, a grave. Level 3: Stairs down to The Gnomish Mines. Level 4: An altar. Level 5: "store" A potion shop, a fountain, a grave. Level 6: Some fountains. The Gnomish Mines: levels 4 to 10 Level 4: Level 5: Level 6: <- You were here. Final resting place for you, killed by an owlbear, while praying. Level 7: Many shops, a temple, some fountains. Level 8: Level 9: A grave. Final resting place for letushope-Val-Dwa-Fem-Law, killed by a giant spider. Level 10: Game over: ---------- / \ / REST \ / IN \ / PEACE \ / \ | galadriel | | 8 Au | | killed by an | | owlbear | | | | | | 2023 | *| * * * | * _________)/\\_//(\/(/\)/\//\/|_)_______ Goodbye galadriel the Priestess... You died in The Gnomish Mines on dungeon level 6 with 5898 points, and 8 pieces of gold, after 6718 moves. You were level 8 with a maximum of 62 hit points when you died.